 Dungeon Crawl Stone Soup version 0.29.0-11-gd7f09526c8 (webtiles) character file.

Game seed: 13754021951103819734

4 brightshaft the Ducker (level 1, 0/16 HPs)
             Began as a Merfolk Gladiator on Sept 4, 2022.
             Slain by a goblin
             ... wielding a +0 club
              (3 damage)
             ... on level 1 of the Dungeon.
             The game lasted 00:00:19 (53 turns).

brightshaft the Ducker (Merfolk Gladiator)            Turns: 53, Time: 00:00:19

Health: 0/16       AC:  4    Str: 14    XL:     1   Next: 60%
Magic:  1/1        EV: 13    Int:  7    God:
Gold:   0          SH:  0    Dex: 15    Spells: 0/0 levels left

rFire   . . .      SeeInvis .   a - +0 long sword
rCold   . . .      Faith    .   (no shield)
rNeg    . . .      Spirit   .   b - +0 leather armour
rPois   .          Reflect  .   c - +0 helmet
rElec   .          Harm     .   (no cloak)
rCorr   .          Rampage  .   (no gloves)
Will    .....                   (no boots)
Stlth   +.........              (no amulet)
HPRegen 0.05/turn               (no ring)
MPRegen 0.07/turn               (no ring)

@: no status effects
A: (nimble swimmer 2), mertail
a: no special abilities


You were on level 1 of the Dungeon.
You visited 1 branch of the dungeon, and saw 1 of its levels.

Inventory:

Hand Weapons
 a - a +0 long sword (weapon)
Missiles
 d - 3 throwing nets (quivered)
 e - a javelin
Armour
 b - a +0 leather armour (worn)
 c - a +0 helmet (worn)
Jewellery
 f - a ring of poison resistance
Scrolls
 g - a scroll of identify {unknown}


   Skills:
 + Level 2.3 Fighting
 * Level 3.8 Long Blades
 - Level 2.0 Throwing
 + Level 4.1 Dodging


You couldn't memorise any spells.
You didn't know any spells.
Your spell library was empty.

Dungeon Overview and Level Annotations

Branches:
Dungeon (1/15)

Altars:


Innate Abilities, Weirdness & Mutations

((You are very nimble when in or above water. (Stealth+, EV+, Speed+++)))
Your lower body shifts to a powerful aquatic tail in water.


Message History

The goblin shouts!
You hit the goblin but do no damage. The rat bites you.
The goblin hits you with a +0 club.
You barely miss the goblin. The rat misses you. The goblin closely misses you.
You barely miss the goblin. The rat barely misses you.
The goblin hits you with a +0 club. The rat closely misses you.
The goblin barely misses you. The goblin closely misses you.
You closely miss the goblin. The rat misses you. The goblin barely misses you.
The goblin hits you but does no damage.
You barely miss the goblin. The rat misses you. The goblin closely misses you.
You barely miss the goblin. The rat bites you but does no damage.
The goblin hits you but does no damage. The goblin misses you.
You closely miss the goblin. The rat closely misses you.
The goblin barely misses you. x2; The goblin closely misses you.
The goblin attacks as you move away! The goblin barely misses you.
The rat attacks as you move away! The rat bites you but does no damage.
Found 17 gold pieces.
You closely miss the rat. The rat bites you. The rat barely misses you.
You closely miss the rat. The rat closely misses you.
You hit the rat.
You kill the rat!
You hit the goblin.
The goblin is moderately wounded.
The goblin closely misses you.
You closely miss the goblin.
The goblin hits you with a +0 dagger. x2
You slash the goblin!
You kill the goblin!
You hit the goblin.
The goblin is moderately wounded.
The goblin hits you but does no damage.
You slash the goblin!
You kill the goblin!
You barely miss the goblin. The goblin misses you.
You barely miss the goblin. The goblin closely misses you.
The goblin hits you with a +0 club.
* * * LOW HITPOINT WARNING * * *
You hit the goblin.
The goblin is almost dead.
The goblin hits you with a +0 club.
You die...

#.. §§... .. §§... ##.$
#§... .. #.. #...
...... #... #.##.# #..
#.##.# #.. #.##@# #..
###.##g## ##..
#...##..# #...
#.......## ##...
#..g##...## ##..§.
#..g.##...### ###..§§.
#....##.....####§.§§§..
#.....##.......§§§§....
#......##......§§.....#


You could see a goblin.

Vanquished Creatures
  2 goblins (D:1)
  A ball python (D:1)
  A rat (D:1)
4 creatures vanquished.

Notes
Turn   | Place    | Note
-------+----------+-------------------------------------------
     0 | D:1      | brightshaft the Merfolk Gladiator began the quest for the
                  | Orb.
     0 | D:1      | Reached XP level 1. HP: 16/16 MP: 1/1
    53 | D:1      | Slain by a goblin

Illustrated notes

Levels and vault maps discovered:
D:1:      heliophobic_arrival_dark_side_of_the_moon, layout_rooms, serial_shops,
          shop_statue

Action                   || total
-------------------------++-------
Melee: Long sword        ||    20
Armor: Leather armour    ||     7
Dodge: Dodged            ||    25
